 Dungeon Crawl Stone Soup version 0.27.1-2-g3b301248ec (webtiles) character file.

Game seed: 18105443731229938745

53 Rickety the Stinger (level 3, -2/26 HPs)
             Began as a Gnoll Venom Mage on Sept 23, 2021.
             Slain by a gnoll (13 damage)
             ... on level 3 of the Dungeon.
             The game lasted 00:04:53 (2038 turns).

Rickety the Stinger (Gnoll Venom Mage)              Turns: 2038, Time: 00:04:54

Health: -2/26      AC:  3    Str: 13    XL:     3   Next: 89%
Magic:  5/9        EV: 13    Int: 15    God:
Gold:   59         SH:  0    Dex: 12    Spells: 9/12 levels left

rFire    + . .     SeeInvis .   l - +1 short sword (venom)
rCold    . . .     Faith    .   (no shield)
rNeg     . . .     Spirit   .   a - +0 robe
rPois    .         Reflect  .   (no helmet)
rElec    .         Harm     .   (no cloak)
rCorr    .         Rampage  .   h - +0 pair of gloves
Will     .....                  (no boots)
Stlth    ++........             (no amulet)
HPRegen  0.08/turn              i - +6 ring of strength
MPRegen  0.11/turn              n - ring of protection from fire

@: no status effects
A: fangs 1, strong nose, distributed training
a: no special abilities


You were on level 3 of the Dungeon.
You visited 1 branch of the dungeon, and saw 3 of its levels.

You collected 59 gold pieces.

Inventory:

Hand Weapons
 l - a +1 short sword of venom (weapon)
Missiles
 c - 8 poisoned darts
Armour
 a - a +0 robe (worn)
 g - a scarf of harm
 h - a +0 pair of gloves (worn)
Jewellery
 i - a +6 ring of strength (left hand)
 n - a ring of protection from fire (right hand)
Scrolls
 b - 3 scrolls of vulnerability {unknown}
 e - 2 scrolls of teleportation {unknown}
 f - a scroll of fog {unknown}
 k - a scroll of immolation {unknown}
 m - 2 scrolls of identify {unknown}
Potions
 d - 2 potions of curing {unknown}
 j - a potion of ambrosia {unknown}
 o - a potion of mutation {unknown}


   Skills:
 + Level 1.0 Fighting
 + Level 1.0 Short Blades
 + Level 1.0 Long Blades
 + Level 1.0 Axes
 + Level 1.0 Maces & Flails
 + Level 1.0 Polearms
 + Level 1.0 Staves
 + Level 1.0 Slings
 + Level 1.0 Bows
 + Level 1.0 Crossbows
 + Level 1.0 Throwing
 + Level 1.0 Armour
 + Level 4.6 Dodging
 + Level 4.2 Stealth
 + Level 1.0 Shields
 + Level 1.0 Unarmed Combat
 + Level 5.0 Spellcasting
 + Level 0.7 Conjurations
 + Level 0.7 Hexes
 + Level 0.7 Summonings
 + Level 0.7 Necromancy
 + Level 0.7 Translocations
 + Level 2.1 Transmutations
 + Level 0.7 Fire Magic
 + Level 0.7 Ice Magic
 + Level 0.7 Air Magic
 + Level 0.7 Earth Magic
 + Level 5.4 Poison Magic
 + Level 1.0 Invocations
 + Level 1.0 Evocations


You had 9 spell levels left.
You knew the following spells:

 Your Spells              Type           Power      Damage    Failure   Level
a - Sting                 Tmut/Pois      60%        1d6       3%          1
v - Poisonous Vapours     Pois/Air       26%        N/A       7%          2

Your spell library contained the following spells:

 Spells                   Type           Power      Damage    Failure   Level
 Olgreb's Toxic Radiance  Pois           20%        N/A       17%         4
 Mephitic Cloud           Conj/Pois/Air  10%        N/A       19%         3


Dungeon Overview and Level Annotations

Branches:
Dungeon (2/15)

Altars:
Kikubaaqudgha


Innate Abilities, Weirdness & Mutations

You have very sharp teeth.
Your uncanny sense of smell can sniff out nearby items.
Your experience applies equally to all skills.


Message History

Confirm with . or Enter, or press ? or * to list all spells.
Aiming: Sting (safe; 3% risk of failure)
Press: ? - help, Shift-Dir - straight line, f - kobold
Aim: a kobold, wielding a +0 dagger and quivering stones (67% to hit)
The sting hits the kobold.
The kobold is poisoned.
The kobold is severely wounded.
You kill the kobold!
A bat comes into view.
Casting: Sting (safe; 3% risk of failure)
Confirm with . or Enter, or press ? or * to list all spells.
Aiming: Poisonous Vapours (safe; 7% risk of failure)
Press: ? - help, Dir - move target, f - gnoll
Aim: a gnoll, wielding a +0 spear Poisonous vapours surround the gnoll!
The gnoll is poisoned.
Casting: Poisonous Vapours (safe; 7% risk of failure)
Confirm with . or Enter, or press ? or * to list all spells.
Aiming: Poisonous Vapours (safe; 7% risk of failure)
Press: ? - help, Dir - move target, f/p - gnoll
Aim: a gnoll, wielding a +0 spear (poisoned)
Okay, then.
The bat completely misses you.
A gnoll comes into view. It is wielding a +0 halberd.
You see here a +0 dagger.
The bat closely misses you. The bat barely misses you.
You hit the bat but do no damage.
The bat is poisoned.
Your bite misses the bat. The bat hits you.
The gnoll hits you from afar with a +0 halberd!
The gnoll looks more healthy.
You kill the bat!
You see here a +0 dagger.
Casting: Poisonous Vapours (safe; 7% risk of failure)
Confirm with . or Enter, or press ? or * to list all spells.
Aiming: Poisonous Vapours (safe; 7% risk of failure)
Press: ? - help, Dir - move target, f - gnoll, p - gnoll
Aim: a gnoll, wielding a +0 halberd Poisonous vapours surround the gnoll!
The gnoll is poisoned.
The gnoll hits you from afar with a +0 halberd.
The gnoll hits you from afar with a +0 halberd!
Ouch! That really hurt!
You die...

## ###### ######## ...
....# ####......## ... ...#
##..........# #.###..#
#....PP.###.# #...#..#
##.P.....#.#.#
###.....)#####.....P....#.#
..........†.gg....P#....#.#
###..##.######.@.P##.._.#.#
.....##.# ##.P..#....#.#
#....## ##.P......#.#
#.###.## #......#.#.# #.
##.#######.....###.# ..
##.....>#......P..# ##
#.####.##)########
##.####.##.# #.......##.#


You could see 2 gnolls.

Vanquished Creatures
  A gnoll (D:3)
  2 bats
  4 endoplasms
  3 hobgoblins
  5 jackals (D:1)
  3 quokkas
  6 ball pythons
  5 frilled lizards
  A goblin (D:1)
  6 kobolds
  6 rats
42 creatures vanquished.

Notes
Turn   | Place    | Note
-------+----------+-------------------------------------------
     0 | D:1      | Rickety the Gnoll Venom Mage began the quest for the Orb.
     0 | D:1      | Reached XP level 1. HP: 13/13 MP: 6/6
   182 | D:1      | Reached XP level 2. HP: 19/19 MP: 5/7
   189 | D:1      | Learned a level 2 spell: Poisonous Vapours
  1047 | D:1      | Reached XP level 3. HP: 25/25 MP: 1/9
  1059 | D:1      | Reached skill level 5 in Spellcasting
  1792 | D:2      | Reached skill level 1 in Invocations
  1923 | D:2      | You fall into a shaft and drop 1 floor!
  1941 | D:3      | Found an ancient bone altar of Kikubaaqudgha.
  1958 | D:3      | Reached skill level 1 in Fighting
  1958 | D:3      | Reached skill level 1 in Short Blades
  1958 | D:3      | Reached skill level 1 in Long Blades
  1958 | D:3      | Reached skill level 1 in Axes
  1958 | D:3      | Reached skill level 1 in Maces & Flails
  1958 | D:3      | Reached skill level 1 in Polearms
  1958 | D:3      | Reached skill level 1 in Staves
  1958 | D:3      | Reached skill level 1 in Slings
  1958 | D:3      | Reached skill level 1 in Bows
  1958 | D:3      | Reached skill level 1 in Crossbows
  1958 | D:3      | Reached skill level 1 in Throwing
  1958 | D:3      | Reached skill level 1 in Armour
  1958 | D:3      | Reached skill level 1 in Shields
  1958 | D:3      | Reached skill level 1 in Unarmed Combat
  1958 | D:3      | Reached skill level 1 in Evocations
  2038 | D:3      | Slain by a gnoll

Illustrated notes

Levels and vault maps discovered:
D:1:      minmay_arrival_jagged, layout_loops_ring, grunt_decor_clamped,
          minmay_misc_feat_iff
D:2:      layout_basic, moated_statue, chequers_decorated_corner,
          minmay_misc_feat_four_crosses
D:3:      layout_loops_ring, mainiacjoe_overflow_tiny_flanked,
          kiku_gazebo_garden_becter, ebering_ecumenical_altar_sacrificial

Skill      XL: |  1  2  3 |
---------------+----------+-----
Transmutations | 2 |  2.1
Spellcasting   | 5 |  5.0
Invocations    | 1 |  1.0
Fighting       | 1 |  1.0
Short Blades   | 1 |  1.0
Long Blades    | 1 |  1.0
Axes           | 1 |  1.0
Maces & Flails | 1 |  1.0
Polearms       | 1 |  1.0
Staves         | 1 |  1.0
Slings         | 1 |  1.0
Bows           | 1 |  1.0
Crossbows      | 1 |  1.0
Throwing       | 1 |  1.0
Armour         | 1 |  1.0
Shields        | 1 |  1.0
Unarmed Combat | 1 |  1.0
Evocations     | 1 |  1.0
Dodging        | |  4.6
Stealth        | |  4.2
Conjurations   | |  0.7
Hexes          | |  0.7
Summonings     | |  0.7
Necromancy     | |  0.7
Translocations | |  0.7
Fire Magic     | |  0.7
Ice Magic      | |  0.7
Air Magic      | |  0.7
Earth Magic    | |  0.7
Poison Magic   | |  5.4

Action                   || total
-------------------------++-------
Melee: Unarmed           ||    13
       Bite              ||     2
       Club              ||     3
       Short sword       ||    18
 Cast: Sting             ||    31
       Poisonous Vapours ||    26
 Stab: Sleeping          ||     1
Armor: Robe              ||     6
Dodge: Dodged            ||    32
